 Dungeon Crawl Stone Soup version 0.31-a0-940-gdaa99269f9 (webtiles) character file.

Game seed: 16964188583711449242

2 DApurpleWHUMPUS the Firebug (level 1, -1/1 HPs)
             Began as an Octopode Fire Elementalist on Oct 20, 2023.
             Slain by an endoplasm (2 damage)
             ... on level 1 of the Dungeon.
             The game lasted 00:00:37 (213 turns).

DApurpleWHUMPUS the Firebug (OpFE)                   Turns: 213, Time: 00:00:38

Health: -1/1       AC:  1    Str:  7    XL:     1   Next: 30%
Magic:  2/3        EV: 13    Int: 17    God:
Gold:   19         SH:  0    Dex: 12    Spells: 3/4 levels left

rFire   . . .        (no weapon)
rCold   + . .        (no shield)
rNeg    + + +        (helmet restricted)
rPois   ∞            (no amulet)
rElec   .            (no ring)
rCorr   .            (no ring)
SInv    .            (no ring)
Will    +....        (no ring)
Stlth   +++          (no ring)
HPRegen 0.20/turn    (no ring)
MPRegen 0.08/turn    (no ring)
                     (no ring)

%: no passive effects
@: death-form
A: vile attack, torment immunity, no potions, reduced hp, almost no armour,
amphibious, 8 rings, camouflage 1, gelatinous body 1, (nimble swimmer 1),
tentacles
a: Siphon Essence, Begin Untransformation


You were on level 1 of the Dungeon.
You were an undying horror.
You visited 1 branch of the dungeon, and saw 1 of its levels.

You collected 19 gold pieces.

Inventory:

Jewellery
 e - a ring of protection from cold
Talismans
 c - a talisman of death (active)
Scrolls
 b - a scroll of teleportation {unknown}
Potions
 a - a potion of magic
 d - a potion of enlightenment {unknown}
 f - a potion of resistance {unknown}


   Skills:
 + Level 2.0 Dodging
 + Level 2.7 Stealth
 + Level 2.0 Spellcasting
 + Level 1.0 Conjurations
 + Level 3.0 Fire Magic


You had 3 spell levels left.
You knew the following spells:

 Your Spells              Type           Power      Damage    Failure   Level
a - Foxfire               Conj/Fire      32%        2x1d5     9%          1

Your spell library contained the following spells:

 Spells                   Type           Power      Damage    Failure   Level
 Scorch                   Fire           24%        2d6       9%          2
 Inner Flame              Hex/Fire       6%         N/A       30%         3
 Volatile Blastmotes      Fire/Tloc      12%        2d11      30%         3
 Flame Wave               Conj/Fire      8%         2d5       63%         4


Dungeon Overview and Level Annotations

Branches:
Dungeon (1/15)

Altars:


Innate Abilities, Weirdness & Mutations

You are an undying horror.
Your melee and unarmed attacks drain, slow and weaken victims.
You are immune to unholy pain and torment.
You cannot drink.
Your maximum health is decreased, since you lack skill for your form.
You are immune to poison.
You cannot wear most types of armour.
You are amphibious.
You can wear up to eight rings at the same time.
Your skin changes colour to match your surroundings (Stealth+).
Your rubbery body absorbs attacks. (AC +1, EV +1)
((You are camouflaged when in or above water. (Stealth+)))
You have tentacles for arms and can constrict up to eight enemies at once.


Message History

You conjure some foxfire!
The foxfire hits the kobold.
The kobold is heavily wounded.
The foxfire hits the kobold.
You kill the kobold!
Your magical contamination has completely faded away.
You see here a +0 short sword.
Found a talisman of death.
Casting: Foxfire (safe; 9% risk of failure)
Confirm with . or Enter, or press ? or * to list all spells.
Okay, then.
You see here a talisman of death.
c - a talisman of death
Okay, then.
You aren't carrying any wearable armour.
You aren't wearing anything.
Attack: -) Tentacles
Press: ? - help, Dir - move target, f - you
Okay, then.
You begin transforming.
You continue transforming. x3
Your flesh twists and warps into a mockery of life!
HP restored.
Key pressed, stopping explore.
You conjure some foxfire!
Your foxfire dissipates!
Found a stone staircase leading down.
You now have 10 gold pieces.
d - a smoky ruby potion
e - a ring of protection from cold You now have 19 gold pieces (gained 9).
f - a red potion An endoplasm comes into view.
Found a smoky clear potion.
The endoplasm quivers.
An endoplasm is nearby!
Casting: Foxfire (safe; 9% risk of failure)
Confirm with . or Enter, or press ? or * to list all spells.
You conjure some foxfire!
The endoplasm hits you.
Ouch! That really hurt!
You die...

#...................#..
#.......##.##.###...##.
#.......##.##.# #...#..
#.......##.##.# #.....#
#.......##....# ...#.#
#######.......##.....
#..............
#####..........#.#
#..Jz......... ..
#..vv.........
#.............
#.............
#..........#..
#....##.##..! #....# .#
##. ###### ##


You could see an endoplasm (ally target).

Vanquished Creatures
  A kobold (D:1)
  A bat (D:1)
2 creatures vanquished.

Vanquished Creatures (others)
  5 foxfires (D:1)
5 creatures vanquished.

Grand Total: 7 creatures vanquished

Notes
Turn   | Place    | Note
-------+----------+-------------------------------------------
     0 | D:1      | DApurpleWHUMPUS the Octopode Fire Elementalist began the
                  | quest for the Orb.
     0 | D:1      | Reached XP level 1. HP: 11/11 MP: 3/3
   213 | D:1      | Slain by an endoplasm

Illustrated notes

Levels and vault maps discovered:
D:1:      minmay_arrival_radiant_lines, layout_rooms, nrook_mini_backslash

Action                     || total
---------------------------++-------
   Cast: Foxfire           ||     4
 Armour: Skin              ||     1
   Form: Death             ||     1

Table legend: (Time is in decaauts)
 A = Elapsed time spent in this place.
 B = Non-inter-level travel time spent in this place.
 C = Inter-level travel time spent in this place.
 D = Time resting spent in this place.
 E = Time spent auto-exploring this place.
 F = Levels seen in this place.
 G = Mean time per level.
                   A        B        C        D        E       F      G
               +--------+--------+--------+--------+--------+-----+--------+
         Total |    213 |    213 |      0 |      0 |    180 |   1 |  213.0 |
       Dungeon |    213 |    213 |      0 |      0 |    180 |   1 |  213.0 |
               +--------+--------+--------+--------+--------+-----+--------+

Top non-repeatable levels by time:
     D:1: 213 daAuts
